 Dungeon Crawl Stone Soup version 0.28.0 (webtiles) character file.

Game seed: 2830968446882338554

522 hito the Frost Mage (level 7, -2/58 HPs)
             Began as a Ghoul Ice Elementalist on Feb 9, 2022.
             Was a Believer of Okawaru.
             Slain by a vampire (5 damage)
             ... on level 5 of the Dungeon.
             The game lasted 00:10:21 (2652 turns).

hito the Frost Mage (Ghoul Ice Elementalist)        Turns: 2652, Time: 00:10:21

Health: -2/58      AC: 12    Str: 12    XL:     7   Next: 22%
Magic:  4/9        EV: 12    Int: 10    God:    Okawaru [**....]
Gold:   84         SH:  0    Dex: 11    Spells: 1/10 levels left

rFire   . . .      SeeInvis .   e - +2 dagger (speed)
rCold   + . .      Faith    .   (no shield)
rNeg    + + +      Spirit   .   a - +0 robe
rPois   ∞          Reflect  .   (no helmet)
rElec   .          Harm     .   t - +0 cloak
rCorr   .          Rampage  .   (no gloves)
Will    +....                   j - +2 pair of boots
Stlth   ++........              (no amulet)
HPRegen 0.00/turn               b - ring of willpower
MPRegen 0.11/turn               (no ring)

@: ice-armoured, inhibited regen
A: claws 1, cold resistance 1, negative energy resistance 3, inhibited
regeneration, torment resistance 2
a: Renounce Religion, Heroism


You were on level 5 of the Dungeon.
You worshipped Okawaru.
Okawaru was pleased with you.
You visited 1 branch of the dungeon, and saw 4 of its levels.

You collected 84 gold pieces.

Inventory:

Hand Weapons
 e - a +2 dagger of speed (weapon)
Missiles
 r - 16 stones
Armour
 a - a +0 robe (worn)
 j - a +2 pair of boots (worn)
 t - a +0 cloak (worn)
Jewellery
 b - a ring of willpower (left claw)
 c - an amulet of faith
Wands
 i - a wand of mindburst (20)
 k - a wand of flame (11)
 o - a wand of digging (1)
Scrolls
 d - a scroll of teleportation {unknown}
 f - a scroll of torment
 g - a scroll of enchant weapon {unknown}
 m - a scroll of fear {unknown}
 q - 2 scrolls of identify
 s - a scroll of summoning {unknown}
Potions
 h - 2 potions of might
 l - a potion of haste
 n - a potion of brilliance


   Skills:
 + Level 3.7 Fighting
 + Level 2.5 Dodging
 - Level 2.1 Stealth
 - Level 2.0 Spellcasting
 - Level 8.0 Ice Magic


You had one spell level left.
You knew the following spells:

 Your Spells              Type           Power      Damage    Failure   Level
a - Freeze                Ice            68%        1d8       1%          1
b - Ozocubu's Armour      Ice            17%        N/A       3%          3
c - Ensorcelled Hibernat  Hex/Ice        18%        N/A       9%          2
d - Frozen Ramparts       Ice            34%        1d5       3%          3

Your spell library contained the following spells:

 Spells                   Type           Power      Damage    Failure   Level
 Passwall                 Tmut/Erth      0%         N/A       43%         2
 Hailstorm                Conj/Ice       9%         3d4       52%         4
 Swiftness                Air            1%         N/A       67%         3


Dungeon Overview and Level Annotations

Branches:
Dungeon (3/15)

Altars:
Gozag
Okawaru
Zin

Shops:
D:2 =


Innate Abilities, Weirdness & Mutations

You thrive by killing the living.
You are immune to poison.
You have sharp fingernails.
Your flesh is cold resistant. (rC+)
You are immune to negative energy. (rN+++)
You do not regenerate when monsters are visible.
You are immune to unholy pain and torment.


Message History

Confirm with . or Enter, or press ? or * to list all spells.
A film of ice covers your body!
The wall freezes something.
Unknown command.
The wall freezes something.
The wall freezes something.
Something hits you. Something bites you but does no damage.
You miss something.
The wall freezes something.
Something hits you! Something bites you but does no damage.
You closely miss something.
The wall freezes something.
Something hits you but does no damage. Something bites you.
You hit something but do no damage.
Your icy armour and frozen ramparts will break if you move.
Continue?
Okay, then.
The wall freezes something.
Something hits you. Something bites you but does no damage.
Your icy armour and frozen ramparts will break if you move.
Continue?
Okay, then.
The wall freezes something.
Something hits you! Something bites you!
Your icy armour and frozen ramparts will break if you move.
Continue?
You hit something but do no damage.
The wall freezes something.
Something hits you but does no damage. Something bites you but does no damage.
Your icy armour and frozen ramparts will break if you move.
Continue?
You closely miss something.
The frozen ramparts melt away.
Something hits you!
* * * LOW HITPOINT WARNING * * *
Something bites you!
* * * LOW HITPOINT WARNING * * *
Unknown command.
It was a potion of curing.
You feel better. Something hits you but does no damage. Something bites you!
* * * LOW HITPOINT WARNING * * *
Aiming: Throw Flame
Press: ? - help, Shift-Dir - straight line Something hits you but does no damage.
Something bites you.
* * * LOW HITPOINT WARNING * * *
Aiming: Mindburst
Press: ? - help, Shift-Dir - straight line Something's mind is blasted!
Something hits you.
* * * LOW HITPOINT WARNING * * *
Something bites you.
You die...

#......#.#.# #.######.#.#
######.######[#.######
########.....÷##.....#.......
.....V.(.........##..########
########V######..##..##.# #
#.# #..##..##.#####
#.######..##..........
#...{@....###.########
########.## #.# # #.# #.# #
#.# #.. # #.# ### # #.# # #.#
# #.#


There were no monsters in sight!

Vanquished Creatures
  A water moccasin (D:5)
  A necrophage (D:5)
  2 scorpions
  A jelly (D:5)
  A hound (D:5)
  An orc priest (D:5)
  An iguana (D:5)
  3 adders
  An adder skeleton (D:5)
  4 orcs (D:5)
  2 ball pythons (D:1)
  4 bats
  2 giant cockroaches (D:1)
  10 goblins
  4 hobgoblins
  3 quokkas
  A frilled lizard (D:2)
  6 kobolds
  13 rats
61 creatures vanquished.

Notes
Turn   | Place    | Note
-------+----------+-------------------------------------------
     0 | D:1      | hito the Ghoul Ice Elementalist began the quest for the
                  | Orb.
     0 | D:1      | Reached XP level 1. HP: 14/14 MP: 2/2
   186 | D:1      | Reached XP level 2. HP: 20/20 MP: 3/3
   353 | D:1      | Found a faded altar of an unknown god.
   358 | D:1      | Reached skill level 5 in Ice Magic
   456 | D:1      | Reached skill level 1 in Fighting
   704 | D:1      | Reached XP level 3. HP: 29/29 MP: 1/4
   784 | D:2      | Found Wytutar's Jewellery Boutique.
   860 | D:1      | Prayed at the altar of an unknown god.
   860 | D:1      | Became a worshipper of Warmaster Okawaru
   860 | D:1      | Reached * piety under Okawaru
   865 | D:1      | Learned a level 3 spell: Ozocubu's Armour
  1232 | D:2      | Reached XP level 4. HP: 37/37 MP: 3/5
  1235 | D:2      | Learned a level 2 spell: Ensorcelled Hibernation
  1554 | D:3      | Noticed a scorpion
  1593 | D:3      | Killed a scorpion
  1594 | D:3      | Reached skill level 6 in Ice Magic
  1594 | D:3      | Reached XP level 5. HP: 19/45 MP: 0/7
  1807 | D:3      | Found an opulent altar of Gozag.
  1898 | D:3      | You fall into a shaft and drop 2 floors!
  1898 | D:5      | Entered Level 5 of the Dungeon
  1988 | D:5      | Reached XP level 6. HP: 34/51 MP: 2/8
  2107 | D:5      | Reached ** piety under Okawaru
  2108 | D:5      | Reached skill level 7 in Ice Magic
  2251 | D:5      | Noticed a necrophage
  2276 | D:5      | Killed a necrophage
  2277 | D:5      | Reached skill level 8 in Ice Magic
  2352 | D:5      | Noticed a water moccasin
  2378 | D:5      | Killed a water moccasin
  2379 | D:5      | Reached XP level 7. HP: 23/58 MP: 1/9
  2565 | D:5      | Learned a level 3 spell: Frozen Ramparts
  2630 | D:5      | Noticed a vampire
  2649 | D:5      | HP: 2/58 [something (11)]
  2652 | D:5      | Slain by a vampire

Illustrated notes

Levels and vault maps discovered:
D:1:      saegor_arrival_simple_d, layout_rooms,
          chequers_ecumenical_altar_simple
D:2:      layout_loops_ring, serial_shops, shop
D:3:      layout_rooms, pdpol_temple_overflow_zin_treasury_gozag_greed,
          lemuel_blue_sif_altar
D:5:      layout_basic

Skill      XL: |  1  2  3  4  5  6 |
---------------+-------------------+-----
Ice Magic      | 5 6 8 |  8.0
Fighting       | 1 2 3 |  3.7
Spellcasting   | 2 |  2.0
Dodging        | 2 |  2.5
Stealth        | |  2.1

Action                   |  1- 3 |  4- 6 |  7- 9 || total
-------------------------+-------+-------+-------++-------
Melee: Unarmed           |    46 |       |       ||    46
       Dagger            |    60 |   104 |     5 ||   169
       Punch             |       |     1 |       ||     1
 Cast: Freeze            |    14 |    26 |       ||    40
       Ozocubu's Armour  |     1 |     2 |     1 ||     4
       Ensorcelled Hiber |       |     2 |       ||     2
       Frozen Ramparts   |       |       |     1 ||     1
Evoke: Wand              |       |       |     2 ||     2
  Use: Scroll            |       |     4 |       ||     4
       Potion            |       |       |     1 ||     1
 Stab: Sleeping          |     3 |     2 |       ||     5
Armor: Robe              |    26 |    29 |     8 ||    63
Dodge: Dodged            |    68 |    66 |       ||   134
